 Dungeon Crawl Stone Soup version 0.31.0-9-g3a7656b989 (webtiles) character file.

Game seed: 2509490459371467673

396 qw the Skirmisher (level 6, -5/35 HPs)
             Began as a Deep Elf Hunter on Feb 2, 2024.
             Slain by an iguana (13 damage)
             ... on level 4 of the Dungeon.
             The game lasted 00:00:09 (2760 turns).

qw the Skirmisher (Deep Elf Hunter)                 Turns: 2760, Time: 00:00:09

Health: -5/35      AC:  5    Str: 10    XL:     6   Next: 52%
Magic:  8/8        EV: 11    Int: 14    God:
Gold:   149        SH:  0    Dex: 18    Spells: 5/5 levels left

rFire   . . .        a - +0 shortbow
rCold   . . .        (shield currently unavailable)
rNeg    . . .        f - +0 ring mail
rPois   .            (no helmet)
rElec   .            (no cloak)
rCorr   .            (no gloves)
SInv    .            (no boots)
Will    .....        (no amulet)
Stlth   +            (no ring)
HPRegen 0.25/turn    (no ring)
MPRegen 0.11/turn

%: no passive effects
@: no status effects
A: no striking features
a: no special abilities


You were on level 4 of the Dungeon.
You visited 1 branch of the dungeon, and saw 4 of its levels.

You collected 149 gold pieces.


   Skills:
 - Level 2.0 Fighting
 + Level 10.0 Ranged Weapons
 - Level 3.0 Dodging
 - Level 1.2 Stealth


You had 5 spell levels left.
You didn't know any spells.
Your spell library was empty.

Inventory:

Hand Weapons
 a - a +0 shortbow (weapon)
Armour
 f - a +0 ring mail (worn)
Wands
 b - a wand of polymorph (9)
Scrolls
 e - a scroll of enchant armour {unknown}
Potions
 c - a potion of enlightenment {unknown}
 d - a potion of might {unknown}
 g - 3 potions of cancellation
 h - a potion of ambrosia {unknown}
 i - a potion of magic {unknown}
 k - a potion of curing {unknown}

Dungeon Overview and Level Annotations

Branches:
Dungeon (4/15)
 Temple: D:4-7

Altars:
Wu Jian

Shops:
D:3 =[


Message History

You start resting.
HP restored.
You see here 2 curare-tipped darts.
You now have 149 gold pieces (gained 12).
e - a scroll labelled RIPOYN RYSE
Found a serpent talisman.
Found a stone staircase leading up.
There is a stone staircase leading up here.
g - 3 potions of cancellation (gained 2)
An iguana comes into view.
The iguana hisses angrily.
You shoot an arrow. The arrow hits the iguana.
The iguana is moderately wounded.
You shoot an arrow. The arrow hits the iguana.
The iguana is heavily wounded.
You shoot an arrow. The arrow hits the iguana.
The iguana is severely wounded.
You shoot an arrow.
The arrow hits the iguana but does no damage.
The iguana is severely wounded.
You shoot an arrow.
The arrow hits the iguana but does no damage.
The iguana is severely wounded.
You shoot an arrow. The arrow hits the iguana.
The iguana is almost dead.
The iguana bites you.
You shoot an arrow.
The arrow hits the iguana but does no damage.
The iguana is almost dead.
The iguana closely misses you.
You shoot an arrow. The arrow closely misses the iguana.
The iguana bites you!
You shoot an arrow. The arrow barely misses the iguana.
The iguana bites you.
You shoot an arrow. The arrow closely misses the iguana.
The iguana bites you!
You shoot an arrow.
The arrow hits the iguana but does no damage.
The iguana is almost dead.
The iguana bites you!
You die...

.# .. #. #.
#. #.## #.l#
.. #@# #.#
#.# #.# #.#
#.# #.# #.#
#.# #.# #.##
#.####.###..#
#...........#
#.####.######


You could see an iguana.

Vanquished Creatures
  Sigmund (D:2)
  An ogre (D:3)
  A sleepcap (D:4)
  5 adders
  3 gnolls (D:3)
  An adder skeleton (D:2)
  3 dart slugs
  5 ball pythons
  6 bats
  A bat skeleton (D:2)
  A bat zombie (D:2)
  4 endoplasms
  5 giant cockroaches
  2 goblins
  4 hobgoblins
  A quokka (D:2)
  A ball python zombie (D:2)
  4 frilled lizards
  8 kobolds
  A quokka skeleton (D:2)
  14 rats
72 creatures vanquished.

Notes
Turn   | Place    | Note
-------+----------+-------------------------------------------
     0 | D:1      | qw the Deep Elf Hunter began the quest for the Orb.
     0 | D:1      | Reached XP level 1. HP: 12/12 MP: 3/3
     0 | D:1      | 0 ||| qw: Version: 0.3-a-155-g5e7d8dd
     0 | D:1      | 0 ||| qw: Game counter: 223
     0 | D:1      | 0 ||| qw: Melee chars always use a shield: true
     0 | D:1      | 0 ||| qw: God list: Okawaru
     0 | D:1      | 0 ||| qw: Allow faded altars: false
     0 | D:1      | 0 ||| qw: Do Orc after clearing Dungeon:15 true
     0 | D:1      | 0 ||| qw: Do second Lair branch before Depths: true
     0 | D:1      | 0 ||| qw: Lair rune preference: random
     0 | D:1      | 0 ||| qw: Goals: Normal
     0 | D:1      | 0 ||| PLANNING D:1-11
   122 | D:1      | Reached XP level 2. HP: 16/16 MP: 4/4
   130 | D:1      | Reached skill level 6 in Ranged Weapons
   436 | D:1      | Reached XP level 3. HP: 20/20 MP: 5/5
   697 | D:1      | 697 ||| UPGRADING to +0 ring mail.
   707 | D:1      | 707 ||| DROPPING +0 leather armour.
   708 | D:1      | 708 ||| READING scroll labelled SUPOARGH UXOXZEMU.
   809 | D:1      | 809 ||| READING scroll labelled XAMUSU SODUPYU.
   810 | D:1      | 810 ||| READING scroll labelled YPRYR TOBRAUR.
   810 | D:1      | 810 ||| IDENTIFYING fizzy amethyst potion
   811 | D:1      | 811 ||| READING scroll labelled GANETRATEH.
   912 | D:1      | 912 ||| READING scroll labelled LIGIETR YTSOL.
   913 | D:1      | 913 ||| READING scroll labelled XUXTAH BOATUGE.
   914 | D:1      | 914 ||| DRINKING 2 metallic amethyst potions.
   915 | D:1      | 915 ||| DROPPING scroll of butterflies.
  1061 | D:2      | Noticed Sigmund
  1062 | D:2      | 1062 ||| DRINKING potion of haste.
  1067 | D:2      | Killed Sigmund
  1068 | D:2      | Reached skill level 8 in Ranged Weapons
  1068 | D:2      | Reached XP level 4. HP: 25/25 MP: 6/6
  1068 | D:2      | Reached XP level 5. HP: 29/29 MP: 7/7
  1249 | D:2      | Reached skill level 9 in Ranged Weapons
  1942 | D:3      | Noticed an ogre
  1943 | D:3      | 1943 ||| DRINKING potion of haste.
  1955 | D:3      | Killed an ogre
  1956 | D:3      | Reached XP level 6. HP: 19/35 MP: 8/8
  2170 | D:3      | Found Hiaseguc's Jewellery Shop.
  2176 | D:3      | 2176 ||| SHOPLISTING +4 ring of protection (396 gold, have
                  | 137).
  2176 | D:3      | 2176 ||| SHOPLISTING +6 ring of dexterity (396 gold, have
                  | 137).
  2176 | D:3      | 2176 ||| SHOPLISTING Hermit's Pendant {Faith Invo=14 Evo=0
                  | MP+5} (632 gold, have 137).
  2176 | D:3      | 2176 ||| SHOPLISTING amulet of regeneration (330 gold, have
                  | 137).
  2176 | D:3      | 2176 ||| SHOPLISTING ring "Temoreqe" {Will+ Str+3 Int+3
                  | Dex+3} (559 gold, have 137).
  2176 | D:3      | 2176 ||| SHOPLISTING ring of ice (275 gold, have 137).
  2176 | D:3      | 2176 ||| SHOPLISTING ring of poison resistance (220 gold,
                  | have 137).
  2176 | D:3      | 2176 ||| SHOPLISTING ring of resist corrosion (220 gold,
                  | have 137).
  2180 | D:3      | Reached skill level 10 in Ranged Weapons
  2234 | D:3      | Found an ornate altar of the Wu Jian Council.
  2365 | D:3      | Found Bemir's Armour Shop.
  2373 | D:3      | 2373 ||| SHOPLISTING +3 leather armour of fire resistance
                  | (288 gold, have 137).
  2373 | D:3      | 2373 ||| SHOPLISTING +3 ring mail of fire resistance (312
                  | gold, have 137).
  2648 | D:3      | 2648 ||| READING scroll labelled XUL HOMUMPENERCH.
  2688 | D:4      | Reached skill level 3 in Dodging
  2759 | D:4      | HP: 8/35 [iguana (8)]
  2760 | D:4      | Slain by an iguana

Levels and vault maps discovered:
D:1:      elethiomel_arrival_diamonds, layout_basic, minmay_fountain_box,
          nicolae_twisty_statue_hallways
D:2:      layout_basic, serial_undead, serial_undead_d, serial_undead_c,
          serial_undead_e, serial_undead_e, chequers_serial_rivers_small_b,
          uniq_sigmund
D:3:      layout_basic, mainiacjoe_overflow_24_doors, serial_shops,
          nicolae_shop_gaudy_bauble, shop
D:4:      layout_rooms, nicolae_shop_i_like_small_books_too

Skill      XL: |  1  2  3  4  5  6 |
---------------+-------------------+-----
Ranged Weapons | 6 8 9 10 | 10.0
Fighting       | 2 |  2.0
Dodging        | 3 |  3.0
Stealth        | |  1.2

Action                     |  1- 3 |  4- 6 || total
---------------------------+-------+-------++-------
   Fire: Shortbow          |    95 |   120 ||   215
    Use: Scroll            |     6 |     1 ||     7
         Potion            |     2 |     1 ||     3
 Armour: Leather armour    |    15 |       ||    15
         Ring mail         |       |    23 ||    23
  Dodge: Dodged            |    16 |    34 ||    50

Table legend:
 A = Non-vault XP
 B = Vault XP
 C = Vault XP percentage of total XP
 D = Non-vault monster count
 E = Vault monster count
 F = Vault count percentage of total count
                 A         B        C        D         E       F
            +---------+---------+-------+---------+---------+-------
      Total |     349 |     217 |  38.3 |      59 |      13 |  18.1
            +---------+---------+-------+---------+---------+-------
        D:1 |      44 |       8 |  15.4 |      26 |       7 |  21.2
        D:2 |      67 |     209 |  75.7 |      21 |       6 |  22.2
        D:3 |     198 |       0 |   0.0 |      11 |       0 |   0.0
        D:4 |      40 |       0 |   0.0 |       1 |       0 |   0.0
            +---------+---------+-------+---------+---------+-------
